 Dungeon Crawl Stone Soup version 0.31-a0-435-g2c6fae2916 (webtiles) character file.

Game seed: 6343470699501527001

20563 BubbleThief the Fighter (level 12, 0/106 HPs)
             Began as a Demonspawn Necromancer on July 30, 2023.
             Was a Priest of Kikubaaqudgha.
             Slain by a catoblepas (19 damage)
             ... on level 3 of the Lair of Beasts on Aug 2, 2023.
             The game lasted 00:23:38 (11793 turns).

BubbleThief the Fighter (Demonspawn Necromancer)   Turns: 11793, Time: 00:23:39

Health: 0/106      AC:  9    Str: 11    XL:     12   Next: 46%
Magic:  0/24       EV: 14    Int: 28    God:    Kikubaaqudgha [***...]
Gold:   369        SH:  0    Dex: 15    Spells: 15/27 levels left

rFire   . . .        r - +8 trident "Uxiuq" {spect, Int+4}
rCold   . . .        (no shield)
rNeg    . . .        K - +0 troll leather armour
rPois   .            (helmet restricted)
rElec   .            (no cloak)
rCorr   .            l - +0 pair of gloves
SInv    .            (no boots)
Will    .....        (no amulet)
Stlth   ++           J - +6 ring of intelligence
HPRegen 1.17/turn    G - +4 ring of protection
MPRegen 0.38/turn

%: guardian spirit
@: lethally poisoned (0 -> -1), animating dead
A: antennae 1, hooves 1, spiny 1, magic shield, magic regeneration, weakness
stinger 2
a: Renounce Religion, Unearth Wretches


You were on level 3 of the Lair of Beasts.
You worshipped Kikubaaqudgha.
Kikubaaqudgha was most pleased with you.
You visited 3 branches of the dungeon, and saw 15 of its levels.

You collected 571 gold pieces.
You spent 202 gold pieces at shops.

Inventory:

Hand Weapons
 q - a +0 flail of protection
 r - the +8 trident "Uxiuq" (weapon) {spect, Int+4}
   (You found it on level 4 of the Dungeon)

   Int:       It affects your intelligence (+4).
Missiles
 k - a throwing net
 n - 7 curare-tipped darts
Armour
 l - a +0 pair of gloves (worn)
 K - a +0 troll leather armour (worn)
Jewellery
 h - a ring of flight
 m - a ring of willpower
 E - a +4 ring of protection
 G - a +4 ring of protection (right hand)
 J - a +6 ring of intelligence (left hand)
Wands
 t - a wand of flame (59)
 w - a wand of paralysis (14)
 y - a wand of polymorph (16)
 D - a wand of acid (9)
 F - a wand of roots (7)
Scrolls
 a - 2 scrolls of brand weapon
 d - 2 scrolls of identify
 e - a scroll of blinking
 g - 2 scrolls of amnesia
 i - 5 scrolls of teleportation
 u - 4 scrolls of enchant weapon
 A - 3 scrolls of vulnerability
 H - 6 scrolls of enchant armour
 I - 4 scrolls of fear
Potions
 b - 4 potions of magic
 c - 2 potions of might
 f - 3 potions of curing
 j - a potion of enlightenment
 o - a potion of lignification
 p - a potion of heal wounds
 z - 2 potions of attraction
 B - 2 potions of invisibility
 C - a potion of haste
 L - a potion of mutation


   Skills:
 + Level 13.8 Fighting
 + Level 6.6 Dodging
 - Level 1.7 Stealth
 + Level 8.1 Spellcasting
 - Level 13.0 Necromancy


You had 15 spell levels left.
You knew the following spells:

 Your Spells              Type           Power      Damage    Failure   Level
a - Necrotise             Necr           100%       1d9       1%          1
b - Vampiric Draining     Necr           71%        2d11      1%          3
c - Animate Dead          Necr           71%        N/A       1%          4
d - Anguish               Hex/Necr       23%        N/A       4%          4

Your spell library contained the following spells:

 Spells                   Type           Power      Damage    Failure   Level
 Cigotuvi's Dreadful Rot  Necr/Pois/Air  70%        N/A       1%          2
 Sublimation of Blood     Necr           71%        N/A       1%          2
 Dispel Undead            Necr           71%        3d24      1%          4
 Agony                    Necr           71%        N/A       1%          5
 Death Channel            Necr           35%        N/A       4%          6
 Magic Dart               Conj           44%        1d5       6%          1
 Call Imp                 Summ           22%        N/A       10%         2
 Scorch                   Fire           22%        2d5       10%         2
 Static Discharge         Conj/Air       22%        2-3/arc   10%         2
 Borgnjor's Vile Clutch   Necr/Erth      23%        N/A       12%         5
 Frozen Ramparts          Ice            22%        1d4       19%         3
 Hailstorm                Conj/Ice       11%        3d5       19%         3
 Mephitic Cloud           Conj/Pois/Air  11%        N/A       19%         3
 Vhi's Electric Charge    Tloc/Air       22%        N/A       19%         3
 Airstrike                Air            5%         2d(1-17)  54%         4
 Cause Fear               Hex            5%         N/A       54%         4
 Flame Wave               Conj/Fire      11%        2d6       54%         4
 Petrify                  Tmut/Erth      11%        N/A       54%         4
 Summon Ice Beast         Ice/Summ       11%        N/A       54%         4
 Summon Lightning Spire   Summ/Air       11%        N/A       54%         4
 Simulacrum               Ice/Necr       23%        N/A       56%         6
 Arcjolt                  Conj/Air       5%         1d15      87%         5
 Metabolic Englaciation   Hex/Ice        5%         N/A       87%         5
 Plasma Beam              Fire/Air       5%         2x1d16    100%        6
 Summon Cactus Giant      Summ           5%         N/A       100%        6
 Enfeeble                 Hex            5%         N/A       100%        7


Dungeon Overview and Level Annotations

Branches:
Dungeon (11/15)            Temple (1/1) D:6            Lair (3/5) D:10
 Shoals (0/4) Lair:2
  Snake: Lair:2-3    Spider: Lair:2-3       Orc: D:9-12

Altars:
Ashenzari
Cheibriados
Dithmenos
Fedhas
Gozag
Hepliaklqana
Kikubaaqudgha
Makhleb
Nemelex Xobeh
Okawaru
Qazlal
Ru
Sif Muna
Trog
Uskayaw
Vehumet
Wu Jian
Xom
Yredelemnul

Shops:
D:2 [

Annotations:
D:8 BeowulfAlex's ghost, novice TrFi
D:10 1 transporter


Innate Abilities, Weirdness & Mutations

You have a pair of small antennae on your head.
You have large cloven feet.
You are partially covered in sharp spines.
When hurt, damage is shared between your health and your magic reserves.
You regenerate magic rapidly.
You have a tail ending in a sharp stinger.


Message History

The water moccasin poisons you!
Unknown command.
You closely miss the water moccasin.
The water moccasin is lightly wounded.
Your +8 trident "Uxiuq" {spect, Int+4} hits the water moccasin from afar!
You feel very sick. The water moccasin bites you. The catoblepas gores you!!
* * * LOW HITPOINT WARNING * * *
The water moccasin is struck by your spines.
The water moccasin bites you but does no damage.
Your cane toad zombie hits the catoblepas.
The catoblepas breathes a plume of calcifying dust at you.
The blast of calcifying dust hits you.
* * * LOW HITPOINT WARNING * * *
Unknown command.
You swap places.
Your +8 trident "Uxiuq" {spect, Int+4} disappears.
You feel very sick.
Your cane toad zombie hits the catoblepas!
Unknown command.
Unknown command.
You hit the catoblepas but do no damage.
The catoblepas is heavily wounded.
Your +8 trident "Uxiuq" {spect, Int+4} hits the catoblepas.
You feel very sick.
Your cane toad zombie hits the catoblepas!
The water moccasin bites your cane toad zombie but does no damage.
Unknown command.
Unknown command.
You completely miss the catoblepas.
You kick the catoblepas, but do no damage.
You tail-slap the catoblepas, but do no damage.
The catoblepas is severely wounded.
Your +8 trident "Uxiuq" {spect, Int+4} hits the catoblepas.
You feel sick.
The water moccasin bites your cane toad zombie!
Your cane toad zombie hits the catoblepas!
The catoblepas gores you!!
You die...
Kikubaaqudgha rasps: "You have failed me!
Welcome... death!"

###...#.................
.#...P#................#
......P...............#
......................#
......................#.
.......................#
#.P###.........S........
#### #P........ZY.......
#########......(@ยง..#.#.
..##.####........###.#
...##.##........#.# #
......###.#....####
........####...#
..........#...##
.P#...........#
.####..#......# ##
######...##


You could see a catoblepas (ally target), a water moccasin, a friendly +8
trident "Uxiuq" {spect, Int+4} and a friendly cane toad zombie.

Vanquished Creatures
  Harold (Lair:1)
  A two-headed ogre (D:10)
  A boulder beetle (Lair:2)
  8 death yaks
  A black mamba (Lair:2)
  5 cane toads
  A gargoyle (D:10)
  Joseph (D:8)
  2 komodo dragons (Lair:2)
  A rime drake (Lair:1)
  2 trolls
  A hornet (D:9)
  2 blink frogs (Lair:2)
  Grinder (D:3)
  12 yaks
  2 wraiths
  2 wyverns
  2 basilisks (Lair:2)
  A steam dragon (D:6)
  Grum (D:8)
  2 water moccasins
  Duvessa (D:4)
  2 acid dragons
  2 orc warriors
  A black bear (D:7)
  An ice beast (D:5)
  A sky beast (D:7)
  3 centaurs
  13 wolves
  2 kobold brigands (D:9)
  10 bullfrogs
  2 scorpions
  Dowan (D:4)
  11 killer bees
  3 howler monkeys
  4 jellies
  8 orc priests
  4 hounds
  5 iguanas
  4 sleepcaps
  Natasha (thrice) (D:3)
  9 orc wizards
  Robin (D:4)
  9 gnolls
  11 adders
  A white imp (D:8)
  An ufetubus (D:6)
  A worm (D:3)
  A dart slug (D:3)
  36 orcs
  6 endoplasms
  2 giant cockroaches (D:3)
  13 goblins
  11 hobgoblins
  3 jackals (D:4)
  3 quokkas
  6 ball pythons
  7 bats
  4 frilled lizards
  14 kobolds
  6 rats
276 creatures vanquished.

Vanquished Creatures (collateral kills)
  A water nymph (Lair:2)
  4 blink frogs (Lair:2)
  A yak (D:10)
  2 wolves (Lair:2)
  2 goblins (D:4)
10 creatures vanquished.

Vanquished Creatures (others)
  A cane toad (Lair:1)
  6 death yak zombies (D:10)
  A yak (D:10)
  A cane toad zombie (Lair:1)
  A wolf (Lair:1)
  5 wolf zombies (Lair:2)
  2 bullfrog zombies
  6 spectral weapons
23 creatures vanquished.

Grand Total: 309 creatures vanquished

Notes
Turn   | Place    | Note
-------+----------+-------------------------------------------
     0 | D:1      | BubbleThief the Demonspawn Necromancer began the quest for
                  | the Orb.
     0 | D:1      | Reached XP level 1. HP: 13/13 MP: 3/3
   829 | D:1      | Discovered your monstrous ancestry.
   829 | D:1      | Gained mutation: You have large cloven feet. [demonic
                  | ancestry]
   829 | D:1      | Reached XP level 2. HP: 19/19 MP: 3/5
  1133 | D:2      | Reached skill level 5 in Necromancy
  1343 | D:2      | Found Zacreoc's Antique Armour Shoppe.
  1406 | D:2      | Reached XP level 3. HP: 24/24 MP: 0/6
  1750 | D:2      | Reached XP level 4. HP: 30/30 MP: 3/8
  1964 | D:3      | Noticed Natasha
  1970 | D:3      | Killed Natasha
  2084 | D:3      | Noticed Grinder
  2156 | D:3      | Gained mutation: You regenerate magic rapidly. [demonic
                  | ancestry]
  2156 | D:3      | Reached XP level 5. HP: 36/36 MP: 0/9
  2222 | D:3      | Reached skill level 1 in Fighting
  2367 | D:3      | Noticed Natasha
  2627 | D:3      | You fall into a shaft and drop 1 floor!
  2742 | D:4      | Identified the +8 trident "Uxiuq" {spect, Int+4}
  2802 | D:4      | Noticed Robin
  2818 | D:4      | Killed Robin
  2964 | D:4      | Reached XP level 6. HP: 47/47 MP: 10/10
  3003 | D:4      | Noticed Dowan
  3007 | D:4      | Noticed Duvessa
  3029 | D:4      | Killed Duvessa
  3031 | D:4      | Killed Dowan
  3032 | D:4      | Reached skill level 5 in Fighting
  3103 | D:4      | Gained mutation: When hurt, damage is shared between your
                  | health and your magic reserves. [demonic ancestry]
  3103 | D:4      | Reached XP level 7. HP: 35/56 MP: 11/11
  3280 | D:4      | Learned a level 3 spell: Vampiric Draining
  3285 | D:4      | Learned a level 4 spell: Animate Dead
  3443 | D:5      | Entered Level 5 of the Dungeon
  3506 | D:5      | Found an iron altar of Okawaru.
  3696 | D:5      | Reached XP level 8. HP: 65/68 MP: 12/12
  4106 | D:3      | Killed Natasha
  4144 | D:3      | Paralysed by Grinder for 5 turns
  4150 | D:3      | Noticed Natasha
  4152 | D:3      | Killed Grinder
  4156 | D:3      | Killed Natasha
  4392 | D:2      | Bought a glowing helmet for 202 gold pieces
  4508 | D:6      | Found a staircase to the Ecumenical Temple.
  4518 | Temple   | Entered the Ecumenical Temple
  4527 | Temple   | Became a worshipper of Kikubaaqudgha
  4699 | D:6      | Reached skill level 10 in Fighting
  4874 | D:6      | Gained mutation: You are partially covered in sharp spines.
                  | [demonic ancestry]
  4874 | D:6      | Reached XP level 9. HP: 79/79 MP: 13/13
  5675 | D:7      | Reached * piety under Kikubaaqudgha
  5675 | D:7      | Received a gift from Kikubaaqudgha
  5846 | D:7      | Found an opulent altar of Gozag.
  5846 | D:7      | Found an ornate altar of the Wu Jian Council.
  5889 | D:8      | Noticed Grum
  5913 | D:8      | Killed Grum
  6634 | D:8      | Noticed Joseph
  6643 | D:8      | Killed Joseph
  6706 | D:8      | Gained mutation: You have a small tail. [demonic ancestry]
  6706 | D:8      | Reached XP level 10. HP: 78/89 MP: 16/16
  6871 | D:8      | Found a runed translucent door.
  6876 | D:8      | Noticed BeowulfAlex's ghost (novice TrFi)
  8360 | D:9      | Reached ** piety under Kikubaaqudgha
  8455 | D:9      | Reached skill level 5 in Spellcasting
  8460 | D:9      | Learned a level 4 spell: Anguish
  8950 | D:10     | Entered Level 10 of the Dungeon
  8950 | D:10     | Found a transporter.
  8950 | D:10     | Found a transporter.
  9083 | D:10     | Noticed a death yak
  9083 | D:10     | Noticed a death yak
  9083 | D:10     | Noticed a death yak
  9083 | D:10     | Noticed a death yak
  9083 | D:10     | Noticed a death yak
  9084 | D:10     | Noticed a death yak
  9094 | D:10     | Noticed a death yak
  9105 | D:9      | Killed a death yak
  9204 | D:10     | Noticed a two-headed ogre
  9210 | D:10     | Killed a two-headed ogre
  9211 | D:10     | Reached skill level 10 in Necromancy
  9344 | D:10     | Found a staircase to the Lair.
  9344 | D:10     | Noticed a death yak
  9398 | D:11     | Noticed a cyclops
  9398 | D:11     | Noticed a boulder beetle
  9419 | D:10     | Gained mutation: You have a tail ending in a sharp stinger.
                  | [demonic ancestry]
  9419 | D:10     | Reached XP level 11. HP: 91/96 MP: 17/19
  9508 | D:10     | Killed a death yak
  9560 | D:10     | Killed a death yak
  9571 | D:10     | Killed a death yak
  9579 | D:10     | Killed a death yak
  9595 | D:10     | Killed a death yak
  9601 | D:10     | Killed a death yak
  9611 | D:10     | Killed a death yak
  9623 | D:10     | Reached skill level 5 in Dodging
  9818 | Lair:1   | Entered Level 1 of the Lair of Beasts
  9940 | Lair:1   | Noticed Harold
  9957 | Lair:1   | Killed Harold
  9958 | Lair:1   | Upgraded the game from 0.31-a0-408-gb642c7f9a3 to
                  | 0.31-a0-431-g88bdf31460
 10068 | Lair:1   | Reached *** piety under Kikubaaqudgha
 10068 | Lair:1   | Received a gift from Kikubaaqudgha
 10686 | Lair:2   | Gained mutation: You have a pair of small antennae on your
                  | head. [demonic ancestry]
 10686 | Lair:2   | Reached XP level 12. HP: 91/105 MP: 18/22
 10686 | Lair:2   | Upgraded the game from 0.31-a0-431-g88bdf31460 to
                  | 0.31-a0-435-g2c6fae2916
 10736 | Lair:2   | Identified the +0 flail of Ereucs {freeze, Dex+2}
 11154 | Lair:2   | Noticed a boulder beetle
 11182 | Lair:2   | Killed a boulder beetle
 11771 | Lair:3   | Noticed a catoblepas
 11793 | Lair:3   | Slain by a catoblepas

Illustrated notes

Levels and vault maps discovered:
D:1:      zaba_arrival_water, layout_basic
D:2:      layout_basic, serial_shops, shop
D:3:      layout_basic, serial_forest, infiniplex_forest_straight_3,
          infiniplex_forest_corner_2, infiniplex_forest_lined_corner,
          infiniplex_forest_lined_room_, infiniplex_forest_lined_2,
          infiniplex_forest_clump_long, kennysheep_generic_room_12,
          uniq_grinder, uniq_natasha
D:4:      kennysheep_goblin_castle, layout_basic, uniq_duvessa
D:5:      layout_rooms, mainiacjoe_overflow_cross_hatched
D:6:      layout_loops_ring, minmay_temple_entry_statues_pillars
D:7:      layout_loops_cross, gammafunk_temple_overflow_wave,
          skrybe_limestone_x, minmay_misc_feat_room
D:8:      layout_loops_corners, ebering_ghost_inner_flame, sigmund_army,
          uniq_joseph, uniq_grum
D:9:      layout_irregular_city
D:10:     layout_basic, dpeg_lair_monsters, nicolae_diode_stairs
D:11:     layout_irregular_city, erik_orc_1, serial_glass, glass_columns_a,
          glass_columns_c, minmay_statue_bubble
Temple:   hellmonk_temple_of_storms
Lair:1:   layout_long_grid, serial_forest, infiniplex_forest_lined_3_way,
          infiniplex_forest_straight_3, infiniplex_forest_straight_4,
          infiniplex_forest_straight_5, infiniplex_forest_straight_5,
          infiniplex_forest_pool, infiniplex_forest_lined_4_way,
          infiniplex_forest_clump_medium, infiniplex_forest_clump_double,
          uniq_harold
Lair:2:   layout_gridlike, nicolae_shoals_entry_flooding
Lair:3:   layout_layer_cave, dummy_snake_entry

Skill      XL: |  1  2  3  4  5  6  7  8  9 10 11 12 |
---------------+-------------------------------------+-----
Necromancy     | 5 6 8 10 12 13 | 13.0
Spellcasting   | 3 4 5 7 8 |  8.1
Fighting       | 3 5 7 10 12 13 | 13.8
Dodging        | 3 5 6 |  6.6
Stealth        | |  1.7

Action                     |  1- 3 |  4- 6 |  7- 9 | 10-12 || total
---------------------------+-------+-------+-------+-------++-------
  Melee: Dagger            |       |     9 |       |       ||     9
         Kick              |       |     6 |    26 |    52 ||    84
         Trident           |       |    19 |   200 |   289 ||   508
         Tailslap          |       |       |       |    41 ||    41
         Punch             |       |       |       |     2 ||     2
  Throw: Dart              |     3 |       |       |       ||     3
   Cast: Necrotise         |    46 |    87 |     1 |     2 ||   136
         Vampiric Draining |       |       |     2 |     3 ||     5
         Animate Dead      |       |       |       |     8 ||     8
         Anguish           |       |       |       |     8 ||     8
    Use: Scroll            |       |       |    11 |     9 ||    20
         Potion            |       |       |       |     1 ||     1
   Stab: Distracted        |       |     1 |     3 |     8 ||    12
         Sleeping          |       |       |     4 |     2 ||     6
 Armour: Robe              |     5 |     7 |    23 |    20 ||    55
         Troll leather arm |       |       |       |    33 ||    33
  Dodge: Dodged            |    10 |    33 |    89 |   142 ||   274
         Form:             |       |       |       |     1 ||     1
         Anaconda          |       |       |       |     1 ||     1

Table legend: (Time is in decaauts)
 A = Elapsed time spent in this place.
 B = Non-inter-level travel time spent in this place.
 C = Inter-level travel time spent in this place.
 D = Time resting spent in this place.
 E = Time spent auto-exploring this place.
 F = Levels seen in this place.
 G = Mean time per level.
                   A        B        C        D        E       F      G
               +--------+--------+--------+--------+--------+-----+--------+
         Total |  11969 |  11638 |    331 |    823 |   8745 |  15 |  797.9 |
       Dungeon |   9941 |   9630 |    311 |    823 |   7074 |  11 |  903.7 |
        Temple |     18 |     10 |      8 |      0 |      0 |   1 |   18.0 |
          Lair |   2009 |   1997 |     12 |      0 |   1671 |   3 |  669.7 |
               +--------+--------+--------+--------+--------+-----+--------+

Top non-repeatable levels by time:
     D:8: 1845 daAuts
     D:9: 1117 daAuts
     D:2: 1064 daAuts
     D:3: 986 daAuts
  Lair:2: 964 daAuts
     D:1: 925 daAuts
  Lair:1: 869 daAuts
     D:4: 853 daAuts
    D:10: 838 daAuts
     D:7: 833 daAuts
     D:6: 822 daAuts
     D:5: 653 daAuts
  Lair:3: 175 daAuts
  Temple: 18 daAuts
    D:11: 1 daAuts
